Map: Ever Dream LE

Players

IIIIIIIIIIII - Winner!

  • Race: Protoss Protoss
  • League: Master
  • Spawn Location: 1:00

MaRek

  • Race: Terran Terran
  • League: Master
  • Spawn Location: 7:00

VOD

https://youtu.be/Vrd12XvRHhk

Description

Saw this build in the first season of Legacy of the Void GSL, don't remember who did it but I've been doing it for a while and it's still pretty good, the strenght is the Dark Templar followup.

Time

  • Played on: July 26, 2020, 3 p.m.
  • Length: 4:43
Show
View Real Time Build Order
Export as new Build Order

IIIIIIIIIIII Protoss - Winner!

Build Orders: Dark Templar Rush 

Get SALT Encoding   

  12  0:06  Probe  
  13  0:18  Probe  
  13  0:20  Pylon  
  14  0:30  Probe  
  15  0:42  Gateway  
  15  0:45  Probe  
  15  0:49  Pylon  
  16  0:53  Assimilator  
  16  0:57  Probe  
  17  1:11  Gateway  
  17  1:13  Probe  
  18  1:25  Probe  
  19  1:29  Cybernetics Core  
  19  1:37  Probe  
  20  1:49  Probe  
  21  1:55  Stalker  
  22  2:01  Probe, Assimilator  
  22  2:06  Adept  
  26  2:08  Warp Gate  
  26  2:13  Probe  
  27  2:15  Adept  
  27  2:16  Pylon  
  27  2:28  Probe  
  30  2:41  Adept  
  32  2:59  Adept, Twilight Council  
  34  3:09  Probe  
  35  3:17  Pylon  
  35  3:18  Adept  
  37  3:33  Adept  
  39  3:36  Dark Shrine  
  35  3:58  Nexus  
  35  4:05  Stalker  
  37  4:15  Stalker  
  39  4:20  Probe  
Show
View Real Time Build Order
Export as new Build Order

MaRek Terran 

Build Orders:  

Get SALT Encoding   

  12  0:01  SCV  
  13  0:13  SCV  
  14  0:17  Supply Depot  
  14  0:25  SCV  
  15  0:31  Refinery  
  15  0:38  SCV  
  16  0:44  Barracks  
  16  0:50  SCV  
  17  1:03  SCV  
  18  1:15  SCV  
  19  1:29  SCV  
  20  1:37  Command Center  
  20  1:39  Reaper  
  21  1:47  Supply Depot  
  21  1:54  Engineering Bay  
  21  2:03  Orbital Command  
  21  2:14  Factory  
  21  2:18  Barracks Reactor  
  21  2:27  Refinery  
  21  2:38  SCV  
  21  2:50  SCV  
  20  2:54  Barracks  
  20  2:56  Marine  
  20  2:57  Barracks, Marine  
  22  3:03  SCV  
  22  3:08  Widow Mine  
  24  3:14  Marine  
  24  3:15  Marine  
  26  3:25  Supply Depot  
  25  3:32  Factory Tech Lab  
  23  3:41  Marine  
  23  3:45  SCV, Marine  
  23  3:54  Barracks Tech Lab x2  
  21  3:56  Siege Tank  
  23  4:03  Supply Depot  
  23  4:11  Marine  
  23  4:13  SCV  
  23  4:24  Marine x3  
  23  4:25  SCV  
Tags
 
Add a new tag
Caveats
  • Supply blocks, unpowered buildings, or Contaminate may cause inaccurate times.
  • Supply counts are checked every 10 seconds.